 Dungeon Crawl Stone Soup version 0.32-a0-898-g7811c86cf0 (webtiles) character file.

Game seed: 15847953010058359822

140 jasper the Insei (level 5, 0/40 (42) HPs)
             Began as a Merfolk Fighter on Apr 4, 2024.
             Slain by a hell rat (11 damage)
             ... in a sewer.
             The game lasted 00:04:30 (3093 turns).

jasper the Insei (Merfolk Fighter)                  Turns: 3093, Time: 00:04:31

HP:   0/40 (42)     AC: 10    Str: 16    XL:     5   Next: 22%
MP:   5/5           EV: 11    Int: 10    God:
Gold: 110           SH:  8    Dex: 16    Spells: 4/4 levels left

rFire   . .          .
                       - Unarmed
rCold   . . .        u - +3 warlock's mirror {omnireflect}
rNeg    . . .        a - +0 scale mail
rPois   +            q - +1 helmet {Int+3}
rElec   .            w - +1 cloak
rCorr   .            (no gloves)
SInv    .            j - melded +0 pair of boots
Will    .....        (no amulet)
Stlth   +            s - ring of poison resistance
HPRegen 0.26/turn    (no ring)
MPRegen 0.09/turn

%: reflection
@: lightly drained, very quick
A: nimble swimmer 2, mertail
a: no special abilities


You were in a sewer.
You visited 1 branch of the dungeon, and saw 4 of its levels.
You also visited: Sewer.

You collected 214 gold pieces.
You spent 104 gold pieces at shops.

Inventory:

Missiles
 i - 29 stones (quivered)
Armour
 a - a +0 scale mail (worn)
 b - a +0 buckler
 f - a +0 cloak
 j - a +0 pair of boots (melded)
 q - a +1 helmet of intelligence (worn)
 u - the +3 warlock's mirror (worn) {omnireflect}
   (You acquired it on level 3 of the Dungeon)

   Omnireflect: It can block and reflect piercing ranged attacks and magical
   attacks against the wielder's willpower.
 w - a +1 cloak (worn)
Jewellery
 s - a ring of poison resistance (left hand)
Scrolls
 l - 4 scrolls of teleportation
 n - a scroll of vulnerability
 r - a scroll of fog {unknown}
 t - a scroll of brand weapon {unknown}
 v - a scroll of identify
Potions
 c - 2 potions of might
 d - a potion of curing
 e - a potion of heal wounds {unknown}
 g - 3 potions of haste
 h - a potion of brilliance {unknown}
 k - a potion of cancellation {unknown}
 m - a potion of enlightenment {unknown}
 o - a potion of degeneration {unknown}
 p - 2 potions of mutation {unknown}


   Skills:
 + Level 4.2 Fighting
 - Level 2.1 Armour
 + Level 2.8 Dodging
 - Level 3.0 Shields
 * Level 4.4 Unarmed Combat


You had 4 spell levels left.
You didn't know any spells.
Your spell library contained the following spells:

 Spells                   Type           Power      Damage    Failure   Level
 Fugue of the Fallen      Necr           0%         N/A       99%         3
 Maxwell's Portable Pile  Tloc           0%         2d(5-13)  99%         3
 Ozocubu's Armour         Ice            0%         N/A       99%         3
 Animate Dead             Necr           0%         N/A       100%        4
 Dispel Undead            Necr           0%         3d6       100%        4
 Arcjolt                  Conj/Air       0%         1d10      100%        5
 Haunt                    Necr/Summ      0%         N/A       100%        7
 Manifold Assault         Tloc           0%         N/A       100%        7
 Maxwell's Capacitive Co  Air            0%         ∞         100%        8


Dungeon Overview and Level Annotations

Branches:
Dungeon (4/15)              Sewer (1/1)
 Temple: D:4-7

Altars:
Cheibriados
Qazlal

Shops:
D:1 [   D:2 ?


Innate Abilities, Weirdness & Mutations

You are very nimble when in or above water. (Stealth+, EV+, Speed+++)
Your lower body shifts to a powerful aquatic tail in water.


Message History

You see here a river rat corpse.
As you open the door, it creaks loudly!
A hell rat comes into view.
The hell rat roars deafeningly!
Found seven items.
Found a gate leading back out of this place.
You see here a rat corpse.
You swing at nothing.
You swing at nothing.
You swing at nothing.
You hit the hell rat but do no damage.
Your tail-slap misses the hell rat.
The hell rat bites you!
You feel drained.
You take 19 damage, and have 23/40 hp.
MASSIVE DAMAGE!!
You hit the hell rat but do no damage. The hell rat bites you!
You take 10 damage, and have 13/40 hp.
MASSIVE DAMAGE!!
You hit the hell rat.
The hell rat is lightly wounded.
The hell rat barely misses you.
You hit the hell rat but do no damage.
You tail-slap the hell rat, but do no damage.
The hell rat twitches its whiskers.
The hell rat closely misses you.
You hit the hell rat.
The hell rat is lightly wounded.
The hell rat closely misses you.
You closely miss the hell rat.
The hell rat is lightly wounded.
The hell rat bites you.
* * * LOW HITPOINT WARNING * * *
You closely miss the hell rat. You tail-slap the hell rat.
The hell rat is lightly wounded.
The hell rat completely misses you. The hell rat closely misses you.
You hit the hell rat.
The hell rat is moderately wounded.
The hell rat splashes around in the water.
You take 4 damage, and have 10/40 hp.
You closely miss the hell rat.
The hell rat is moderately wounded.
The hell rat bites you!
You die...

###~.~###
#~..~.~~#
##~~.~.~.##
#...###~.~#
##~.## ##..##
#~~.# ~~#††~#
#.~##~.!##†~#
#~~#.~~!!#~~#
#@r'~~~?∩#∩∩#
#††#.~~)?#..#
#~.# ~.!##~~#
#..~# .~#~~~#
##~.# ##~~##
#~.. ~.~#
##... .~.##
~.~~.~~ ##.~~


You could see a hell rat.

Vanquished Creatures
  4 adders
  2 river rats (Sewer)
  A dart slug (D:1)
  4 ribbon worms
  An orc (D:3)
  2 bats (D:1)
  5 endoplasms
  7 giant cockroaches
  7 goblins
  2 hobgoblins
  4 jackals (D:4)
  3 quokkas
  7 ball pythons
  7 frilled lizards
  8 kobolds
  12 rats
76 creatures vanquished.

Notes
Turn   | Place    | Note
-------+----------+-------------------------------------------
     0 | D:1      | jasper the Merfolk Fighter began the quest for the Orb.
     0 | D:1      | Reached XP level 1. HP: 18/18 MP: 1/1
    98 | D:1      | Found Buekin's Armour Emporium.
   104 | D:1      | Reached XP level 2. HP: 21/24 MP: 2/2
   123 | D:1      | Reached skill level 1 in Dodging
   484 | D:1      | Reached XP level 3. HP: 29/29 MP: 3/3
  1422 | D:2      | Found Xeesoroc's Magic Scroll Emporium.
  1428 | D:2      | Bought a scroll of teleportation for 39 gold pieces
  1428 | D:2      | Bought a scroll of teleportation for 39 gold pieces
  1428 | D:2      | Bought a scroll of identify for 26 gold pieces
  1447 | D:2      | Reached XP level 4. HP: 37/37 MP: 4/4
  2050 | D:3      | Found a faded altar of an unknown god.
  2170 | D:3      | Got Otrian's Compilation of Exhumation
  2514 | D:3      | Identified 2 scrolls of acquirement
  2514 | D:3      | Acquired the +3 warlock's mirror {omnireflect}
  2514 | D:3      | Found the +3 warlock's mirror {omnireflect}
  2526 | D:3      | Acquired a +1 helmet of intelligence
  2689 | D:4      | Found a snail-covered altar of Cheibriados.
  2691 | D:4      | Found a stormy altar of Qazlal.
  2964 | D:4      | Found a glowing drain.
  2975 | D:4      | Reached XP level 5. HP: 42/42 MP: 5/5
  2996 | Sewer    | Entered a sewer
  3093 | Sewer    | Slain by a hell rat

Illustrated notes

Levels and vault maps discovered:
D:1:      eino_arrival_tree_alley, layout_basic, serial_shops, shop,
          minmay_quantized
D:2:      layout_loops_ring, serial_shops, nicolae_shop_getting_attention,
          serial_forest, infiniplex_forest_clump_double,
          infiniplex_forest_clump_tiny, infiniplex_forest_end_2,
          infiniplex_forest_clump_long, infiniplex_forest_clump_long
D:3:      layout_loops_corners, shapermc_ecumenical_altar_venn, feat_on_display
D:4:      layout_loops_cross, mainiacjoe_overflow_catwalk_spiral,
          chequers_temple_overflow_statue_of_worship,
          cheibrodos_sewer_entry_drain, uniq_robin
Sewer:    sewer_hellmonk_bad_rat

Skill      XL: |  1  2  3  4 |
---------------+-------------+-----
Dodging        | 1 2 |  2.8
Unarmed Combat | 3 4 |  4.4
Fighting       | 4 |  4.2
Armour         | |  2.1
Shields        | |  3.0

Action                     |  1- 3 |  4- 6 || total
---------------------------+-------+-------++-------
  Melee: Unarmed           |   155 |   143 ||   298
         Tailslap          |       |     4 ||     4
    Use: Scroll            |     4 |     4 ||     8
 Armour: Scale mail        |    88 |    82 ||   170
  Dodge: Dodged            |    54 |    63 ||   117
  Block: Buckler           |    32 |    50 ||    82

Table legend: (Time is in decaauts)
 A = Elapsed time spent in this place.
 B = Non-inter-level travel time spent in this place.
 C = Inter-level travel time spent in this place.
 D = Time resting spent in this place.
 E = Time spent auto-exploring this place.
 F = Levels seen in this place.
 G = Mean time per level.
                   A        B        C        D        E       F      G
               +--------+--------+--------+--------+--------+-----+--------+
         Total |   3073 |   2955 |    118 |     61 |   2178 |   5 |  614.6 |
       Dungeon |   2985 |   2867 |    118 |     61 |   2150 |   4 |  746.2 |
         Sewer |     88 |     88 |      0 |      0 |     28 |   1 |   88.0 |
               +--------+--------+--------+--------+--------+-----+--------+

Top non-repeatable levels by time:
     D:3: 964 daAuts
     D:2: 914 daAuts
     D:1: 762 daAuts
     D:4: 344 daAuts
   Sewer: 88 daAuts
